3606 views
Uploaded 2020-05-29 09:02:55
Game version 1.32.4 / 1.32.5
38:26 long 4on4 ladder game on (8)TwilightRuins_LV
Saved by lowlyworm
3606 views
Uploaded 2020-05-29 09:02:55
Game version 1.32.4 / 1.32.5
38:26 long 4on4 ladder game on (8)TwilightRuins_LV


246 units @ 40.7k
/ 7.4k
80 buildings @ 11.8k
/ 4.7k


| Rod of Necromancy | 4 | 600 |
| Sacrificial Skull | 1 | 50 |
| Dust of Appearance | 1 | 75 |
| Scroll of Town Portal | 4 | 1400 |
| Scroll of Regeneration | 1 | 100 |
| Wand of Mana Stealing | 1 | 400 |
| total: | 12 | 2625g |
| Acolyte | 8 | 600 | / | 0 |
| Ghoul | 4 | 480 | / | 0 |
| Crypt Fiend | 18 | 3870 | / | 720 |
| Gargoyle | 7 | 1225 | / | 210 |
| Mur'gul Snarecaster | 1 | 215 | / | 20 |
| total: | 38 | 6390g | / | 950w |
| Nerubian Tower | 2 | 200 | / | 40 |
| Spirit Tower | 3 | 435 | / | 120 |
| Ziggurat | 10 | 1500 | / | 500 |
| Altar of Darkness | 1 | 180 | / | 50 |
| Crypt | 2 | 400 | / | 100 |
| Tomb of Relics | 1 | 130 | / | 30 |
| Graveyard | 1 | 215 | / | 0 |
| Necropolis | 1 | 225 | / | 0 |
| Sacrificial Pit | 1 | 75 | / | 150 |
| Halls of the Dead | 1 | 320 | / | 210 |
| Black Citadel | 1 | 325 | / | 230 |
| total: | 17 | 2725g | / | 830w |
| 0:05 | Acolyte |
| 0:05 | Acolyte |
| 0:10 | Ziggurat |
| 0:12 | Altar of Darkness |
| 0:34 | Crypt |
| 0:53 | Tomb of Relics |
| 1:13 | Graveyard |
| 1:28 | Ziggurat |
| 1:39 | Ghoul |
| 1:39 | Ghoul |
| 1:51 | Ghoul |
| 2:04 | Ghoul |
| 2:13 | Death Coil |
| 2:34 | Rod of Necromancy |
| 2:40 | Crypt Fiend |
| 2:56 | Nerubian Tower |
| 3:12 | Crypt Fiend |
| 3:29 | Ziggurat |
| 3:36 | Acolyte |
| 3:55 | Crypt Fiend |
| 4:14 | Unholy Aura |
| 4:32 | Crypt Fiend |
| 5:17 | Necropolis |
| 5:21 | Crypt Fiend |
| 5:54 | Death Coil |
| 6:02 | Halls of the Dead |
| 6:12 | Rod of Necromancy |
| 6:40 | Crypt Fiend |
| 6:43 | Creature Carapace |
| 6:51 | Ziggurat |
| 7:08 | Creature Attack |
| 7:10 | Acolyte |
| 7:11 | Acolyte |
| 7:30 | Acolyte |
| 7:30 | Acolyte |
| 7:33 | Ziggurat |
| 8:54 | Crypt Fiend |
| 8:54 | Web |
| 8:57 | Spirit Tower |
| 9:01 | Ziggurat |
| 9:02 | Acolyte |
| 9:35 | Sacrificial Pit |
| 9:36 | Black Citadel |
| 9:40 | Crypt Fiend |
| 9:44 | Ziggurat |
| 10:04 | Sleep |
| 10:52 | Crypt Fiend |
| 10:52 | Crypt Fiend |
| 10:53 | Burrow |
| 10:55 | Dust of Appearance |
| 11:03 | Wand of Mana Stealing |
| 11:18 | Rod of Necromancy |
| 11:18 | Sacrificial Skull |
| 11:53 | Ziggurat |
| 11:54 | Ziggurat |
| 12:22 | Crypt |
| 12:24 | Improved Creature Carapace |
| 12:24 | Improved Creature Attack |
| 12:29 | Spirit Tower |
| 12:49 | Spirit Tower |
| 12:50 | Nerubian Tower |
| 13:46 | Crypt Fiend |
| 13:47 | Gargoyle |
| 13:52 | Ziggurat |
| 13:57 | Gargoyle |
| 13:57 | Gargoyle |
| 14:19 | Unholy Aura |
| 14:54 | Carrion Swarm |
| 15:18 | Gargoyle |
| 15:18 | Crypt Fiend |
| 15:56 | Scroll of Town Portal |
| 15:58 | Rod of Necromancy |
| 17:36 | Stone Form |
| 17:38 | Gargoyle |
| 17:39 | Gargoyle |
| 19:01 | Crypt Fiend |
| 19:45 | Gargoyle |
| 20:21 | Crypt Fiend |
| 21:13 | Crypt Fiend |
| 22:02 | Death Coil |
| 22:07 | Crypt Fiend |
| 22:32 | Crypt Fiend |
| 23:11 | Scroll of Town Portal |
| 24:21 | Scroll of Town Portal |
| 24:21 | Scroll of Regeneration |
| 24:27 | Crypt Fiend |
| 24:53 | Mur'gul Snarecaster |
| 25:30 | Scroll of Town Portal |
| 28:56 | Animate Dead |
| Right click | 1146 |
| Select | 607 |
| Build/train/purchase | 95 |
| Use ability | 60 |
| Minimap ping | 47 |
| Resource trade | 36 |
| Chat | 26 |
| Misc. action | 1 |
| Item give/drop | 1 |
| Remove unit | 1 |

x1)
| Healing Salve | 3 | 300 |
| Lesser Clarity Potion | 5 | 350 |
| Tiny Great Hall | 1 | 600 |
| Orb of Lightning | 1 | 375 |
| Potion of Mana | 1 | 200 |
| Scroll of Town Portal | 5 | 1750 |
| Tome of Retraining | 1 | 300 |
| Scroll of Regeneration | 1 | 100 |
| total: | 18 | 3975g |
| Peon | 21 | 1575 | / | 0 |
| Troll Headhunter | 11 | 1540 | / | 220 |
| Troll Berserker | 9 | 1260 | / | 180 |
| Kodo Beast | 1 | 255 | / | 60 |
| Wind Rider | 10 | 2650 | / | 400 |
| Shaman | 5 | 650 | / | 100 |
| Troll Batrider | 2 | 320 | / | 80 |
| Goblin Shredder | 1 | 375 | / | 100 |
| total: | 60 | 8625g | / | 1140w |
| Orc Burrow | 9 | 1440 | / | 360 |
| Altar of Storms | 1 | 180 | / | 50 |
| Barracks | 2 | 360 | / | 100 |
| War Mill | 1 | 205 | / | 0 |
| Voodoo Lounge | 2 | 260 | / | 60 |
| Beastiary | 2 | 290 | / | 280 |
| Spirit Lodge | 1 | 150 | / | 150 |
| Stronghold | 1 | 315 | / | 190 |
| Fortress | 1 | 325 | / | 190 |
| total: | 18 | 2885g | / | 1000w |
| 0:03 | Peon |
| 0:03 | Peon |
| 0:09 | Orc Burrow |
| 0:13 | Altar of Storms |
| 0:32 | Peon |
| 0:39 | Peon |
| 1:02 | Peon |
| 1:22 | Barracks |
| 1:26 | War Mill |
| 1:35 | Barracks |
| 1:55 | Orc Burrow |
| 2:02 | Peon |
| 2:17 | Endurance Aura |
| 2:38 | Troll Headhunter |
| 2:59 | Troll Headhunter |
| 3:18 | Orc Burrow |
| 3:26 | Troll Headhunter |
| 3:43 | Troll Headhunter |
| 3:49 | Troll Headhunter |
| 4:12 | Voodoo Lounge |
| 4:16 | Troll Headhunter |
| 4:21 | War Stomp |
| 4:32 | Troll Headhunter |
| 5:00 | Stronghold |
| 5:19 | Healing Salve |
| 5:27 | Troll Headhunter |
| 6:21 | Orc Burrow |
| 6:27 | Endurance Aura |
| 6:56 | Goblin Shredder |
| 7:50 | Troll Headhunter |
| 7:51 | Reinforced Defenses |
| 8:09 | Fortress |
| 8:11 | Troll Headhunter |
| 9:26 | Troll Headhunter |
| 9:46 | Voodoo Lounge |
| 10:25 | Lesser Clarity Potion |
| 10:26 | Scroll of Regeneration |
| 10:42 | Orc Burrow |
| 10:49 | Berserker Upgrade |
| 11:03 | Tiny Great Hall |
| 11:27 | Steel Ranged Weapons |
| 11:52 | Peon |
| 11:54 | Troll Berserker |
| 12:15 | Orb of Lightning |
| 12:22 | Troll Berserker |
| 12:40 | Beastiary |
| 13:25 | Troll Berserker |
| 13:32 | Spirit Lodge |
| 13:33 | Peon |
| 13:45 | War Stomp |
| 14:08 | Scroll of Town Portal |
| 14:11 | Troll Berserker |
| 14:13 | Thorium Ranged Weapons |
| 14:21 | Beastiary |
| 14:35 | Steel Armor |
| 14:45 | War Drums Damage Increase |
| 15:39 | Envenomed Spears |
| 15:41 | Kodo Beast |
| 16:10 | Wind Rider |
| 16:10 | Troll Berserker |
| 16:21 | Endurance Aura |
| 16:26 | Shaman |
| 16:27 | Shaman Adept Training |
| 16:29 | Orc Burrow |
| 16:30 | Orc Burrow |
| 16:59 | Wind Rider |
| 17:00 | Arcanite Ranged Weapons |
| 17:22 | Peon |
| 17:22 | Peon |
| 17:22 | Peon |
| 17:22 | Peon |
| 17:22 | Peon |
| 17:32 | Wind Rider |
| 17:52 | Wind Rider |
| 17:53 | Troll Berserker |
| 17:55 | Thorium Armor |
| 18:19 | Shaman Master Training |
| 19:03 | Wind Rider |
| 19:04 | Shaman |
| 19:19 | Shaman |
| 19:37 | Lesser Clarity Potion |
| 19:39 | Scroll of Town Portal |
| 19:41 | Healing Salve |
| 20:30 | Orc Burrow |
| 20:36 | Lesser Clarity Potion |
| 20:44 | Potion of Mana |
| 20:46 | Wind Rider |
| 21:21 | Scroll of Town Portal |
| 21:32 | Peon |
| 21:36 | Peon |
| 22:30 | Wind Rider |
| 22:34 | Arcanite Armor |
| 23:08 | Wind Rider |
| 23:18 | Reincarnation |
| 23:34 | Scroll of Town Portal |
| 24:36 | Wind Rider |
| 26:27 | Peon |
| 26:27 | Peon |
| 26:27 | Peon |
| 26:27 | Peon |
| 26:29 | Orc Burrow |
| 26:37 | War Stomp |
| 28:26 | Shockwave |
| 28:42 | Troll Batrider |
| 29:07 | Troll Berserker |
| 29:11 | Scroll of Town Portal |
| 29:24 | Peon |
| 29:24 | Peon |
| 29:35 | Wind Rider |
| 29:37 | Lesser Clarity Potion |
| 29:42 | Lesser Clarity Potion |
| 30:10 | Healing Salve |
| 30:21 | Shaman |
| 30:22 | Shaman |
| 30:29 | Troll Batrider |
| 30:30 | Troll Berserker |
| 30:47 | Troll Berserker |
| 37:36 | Tome of Retraining |
| 37:36 | Retrain Hero |
| 37:39 | Shockwave |
| 37:39 | Shockwave |
| 37:39 | Shockwave |
| 37:42 | Endurance Aura |
| 37:42 | Endurance Aura |
| 37:42 | Endurance Aura |
| 37:43 | War Stomp |
| Right click | 1888 |
| Select group | 873 |
| Select | 528 |
| Build/train/purchase | 182 |
| Assign group | 52 |
| Use ability | 39 |
| Chat | 31 |
| Minimap ping | 27 |
| Misc. action | 11 |
| Item give/drop | 2 |
| Remove unit | 1 |



| Potion of Healing | 1 | 150 |
| Potion of Mana | 1 | 200 |
| Scroll of Town Portal | 10 | 3500 |
| Scroll of Healing | 1 | 250 |
| Potion of Lesser Invulnerability | 2 | 300 |
| Scroll of Regeneration | 1 | 100 |
| Scroll of Speed | 1 | 50 |
| total: | 17 | 4550g |
| Acolyte | 14 | 1050 | / | 0 |
| Ghoul | 42 | 5040 | / | 0 |
| Frost Wyrm | 26 | 10010 | / | 3120 |
| total: | 82 | 16100g | / | 3120w |
| Spirit Tower | 2 | 290 | / | 80 |
| Crypt | 1 | 200 | / | 50 |
| Ziggurat | 8 | 1200 | / | 400 |
| Altar of Darkness | 1 | 180 | / | 50 |
| Tomb of Relics | 1 | 130 | / | 30 |
| Necropolis | 2 | 450 | / | 0 |
| Graveyard | 1 | 215 | / | 0 |
| Sacrificial Pit | 1 | 75 | / | 150 |
| Boneyard | 3 | 525 | / | 600 |
| Halls of the Dead | 4 | 1280 | / | 840 |
| Black Citadel | 2 | 650 | / | 460 |
| total: | 18 | 2975g | / | 1280w |
| 0:07 | Acolyte |
| 0:07 | Acolyte |
| 0:18 | Crypt |
| 0:24 | Ziggurat |
| 0:43 | Altar of Darkness |
| 1:00 | Ziggurat |
| 1:21 | Ghoul |
| 1:21 | Ghoul |
| 1:22 | Ghoul |
| 1:22 | Ghoul |
| 1:36 | Ziggurat |
| 1:54 | Ghoul |
| 1:54 | Ghoul |
| 1:54 | Ghoul |
| 2:35 | Ghoul |
| 2:44 | Tomb of Relics |
| 2:48 | Ghoul |
| 2:48 | Ghoul |
| 2:48 | Ghoul |
| 2:48 | Ghoul |
| 2:58 | Sleep |
| 3:00 | Ghoul |
| 3:00 | Ghoul |
| 3:01 | Ghoul |
| 3:05 | Acolyte |
| 3:53 | Necropolis |
| 4:11 | Ghoul |
| 4:11 | Ghoul |
| 4:11 | Ghoul |
| 4:12 | Ghoul |
| 4:35 | Halls of the Dead |
| 4:35 | Halls of the Dead |
| 4:40 | Vampiric Aura |
| 4:46 | Ghoul |
| 4:46 | Ghoul |
| 4:46 | Ghoul |
| 5:07 | Ghoul |
| 5:07 | Ghoul |
| 5:07 | Ghoul |
| 5:27 | Acolyte |
| 5:27 | Acolyte |
| 5:27 | Acolyte |
| 5:27 | Acolyte |
| 5:27 | Acolyte |
| 5:28 | Acolyte |
| 6:21 | Ghoul |
| 6:22 | Ghoul |
| 6:22 | Ghoul |
| 6:22 | Ghoul |
| 6:22 | Ghoul |
| 6:22 | Ghoul |
| 6:22 | Ghoul |
| 6:22 | Ghoul |
| 6:22 | Ghoul |
| 6:59 | Ziggurat |
| 7:01 | Ziggurat |
| 7:02 | Ziggurat |
| 7:37 | Black Citadel |
| 7:41 | Sacrificial Pit |
| 8:16 | Ghoul |
| 8:17 | Ghoul |
| 8:17 | Ghoul |
| 8:17 | Ghoul |
| 8:17 | Ghoul |
| 8:17 | Ghoul |
| 8:17 | Ghoul |
| 8:17 | Ghoul |
| 8:28 | Vampiric Aura |
| 8:32 | Rain of Fire |
| 8:42 | Graveyard |
| 10:00 | Boneyard |
| 10:02 | Boneyard |
| 10:04 | Boneyard |
| 10:07 | Ziggurat |
| 10:08 | Ziggurat |
| 10:11 | Creature Attack |
| 10:12 | Improved Creature Attack |
| 10:12 | Creature Carapace |
| 10:12 | Improved Creature Carapace |
| 10:12 | Advanced Creature Carapace |
| 10:22 | Acolyte |
| 10:29 | Sleep |
| 10:59 | Cleaving Attack |
| 11:18 | Scroll of Town Portal |
| 11:21 | Potion of Lesser Invulnerability |
| 11:34 | Breath of Fire |
| 11:36 | Freezing Breath |
| 11:37 | Frost Wyrm |
| 11:37 | Frost Wyrm |
| 11:37 | Frost Wyrm |
| 11:37 | Frost Wyrm |
| 12:01 | Advanced Creature Attack |
| 12:24 | Frost Wyrm |
| 12:25 | Frost Wyrm |
| 12:25 | Frost Wyrm |
| 13:26 | Scroll of Town Portal |
| 13:29 | Potion of Healing |
| 14:16 | Frost Wyrm |
| 15:52 | Scroll of Town Portal |
| 16:30 | Frost Wyrm |
| 17:31 | Scroll of Town Portal |
| 17:42 | Rain of Fire |
| 18:23 | Frost Wyrm |
| 18:24 | Frost Wyrm |
| 18:24 | Frost Wyrm |
| 18:52 | Drunken Brawler |
| 19:07 | Frost Wyrm |
| 19:07 | Frost Wyrm |
| 19:08 | Frost Wyrm |
| 19:08 | Frost Wyrm |
| 19:57 | Scroll of Town Portal |
| 20:39 | Scroll of Healing |
| 20:42 | Potion of Lesser Invulnerability |
| 21:21 | Spirit Tower |
| 21:30 | Carrion Swarm |
| 21:43 | Acolyte |
| 22:05 | Acolyte |
| 22:38 | Frost Wyrm |
| 23:17 | Breath of Fire |
| 23:24 | Scroll of Regeneration |
| 23:30 | Scroll of Town Portal |
| 23:54 | Frost Wyrm |
| 23:54 | Frost Wyrm |
| 23:54 | Frost Wyrm |
| 23:54 | Frost Wyrm |
| 24:33 | Frost Wyrm |
| 25:06 | Frost Wyrm |
| 25:06 | Frost Wyrm |
| 25:06 | Frost Wyrm |
| 25:06 | Frost Wyrm |
| 25:12 | Cleaving Attack |
| 25:25 | Scroll of Town Portal |
| 26:26 | Scroll of Speed |
| 28:44 | Inferno |
| 28:52 | Rain of Fire |
| 28:56 | Drunken Brawler |
| 28:57 | Drunken Brawler |
| 30:12 | Acolyte |
| 32:02 | Scroll of Town Portal |
| 32:02 | Scroll of Town Portal |
| 34:29 | Potion of Mana |
| 34:37 | Scroll of Town Portal |
| 35:30 | Breath of Fire |
| 35:44 | Acolyte |
| 38:16 | Necropolis |
| Right click | 2644 |
| Select group | 826 |
| Select | 392 |
| Build/train/purchase | 179 |
| Use ability | 92 |
| Assign group | 53 |
| Minimap ping | 7 |
| Item give/drop | 4 |
| Remove unit | 3 |
⇛
Deathbrother
(38:11) : 

| Lesser Clarity Potion | 7 | 490 |
| Potion of Healing | 3 | 450 |
| Potion of Mana | 5 | 1000 |
| Scroll of Regeneration | 1 | 100 |
| Scroll of Town Portal | 5 | 1750 |
| Scroll of Healing | 1 | 250 |
| total: | 22 | 4040g |
| Peasant | 16 | 1200 | / | 0 |
| Mortar Team | 13 | 2340 | / | 910 |
| Sorceress | 8 | 1240 | / | 160 |
| Priest | 6 | 810 | / | 60 |
| Spell Breaker | 3 | 645 | / | 90 |
| Siege Engine | 8 | 1560 | / | 480 |
| Flying Machine | 10 | 1000 | / | 300 |
| Goblin Shredder | 2 | 750 | / | 200 |
| total: | 66 | 9545g | / | 2200w |
| Scout Tower | 2 | 60 | / | 40 |
| Guard Tower | 1 | 70 | / | 50 |
| Altar of Kings | 1 | 180 | / | 50 |
| Farm | 14 | 1120 | / | 280 |
| Arcane Vault | 1 | 130 | / | 30 |
| Town Hall | 2 | 770 | / | 410 |
| Blacksmith | 1 | 140 | / | 60 |
| Lumber Mill | 1 | 120 | / | 0 |
| Workshop | 2 | 280 | / | 280 |
| Arcane Sanctum | 3 | 450 | / | 420 |
| Keep | 1 | 320 | / | 210 |
| Castle | 1 | 360 | / | 210 |
| total: | 27 | 3250g | / | 1570w |
| 0:03 | Peasant |
| 0:03 | Peasant |
| 0:03 | Peasant |
| 0:05 | Altar of Kings |
| 0:08 | Farm |
| 0:36 | Peasant |
| 0:41 | Farm |
| 0:45 | Arcane Vault |
| 0:53 | Peasant |
| 0:59 | Peasant |
| 1:04 | Farm |
| 1:20 | Peasant |
| 1:22 | Peasant |
| 1:29 | Farm |
| 1:42 | Peasant |
| 1:57 | Peasant |
| 1:57 | Peasant |
| 2:09 | Summon Water Elemental |
| 2:15 | Lesser Clarity Potion |
| 2:15 | Lesser Clarity Potion |
| 2:21 | Peasant |
| 3:26 | Keep |
| 3:44 | Town Hall |
| 3:49 | Brilliance Aura |
| 3:55 | Blacksmith |
| 4:03 | Lesser Clarity Potion |
| 4:03 | Lesser Clarity Potion |
| 4:40 | Lumber Mill |
| 4:43 | Farm |
| 5:03 | Goblin Shredder |
| 5:05 | Goblin Shredder |
| 5:16 | Black Gunpowder |
| 5:20 | Farm |
| 6:04 | Workshop |
| 6:05 | Improved Lumber Harvesting |
| 6:12 | Arcane Sanctum |
| 6:17 | Arcane Sanctum |
| 6:21 | Arcane Sanctum |
| 6:24 | Blizzard |
| 6:46 | Refined Gunpowder |
| 6:51 | Farm |
| 6:53 | Farm |
| 6:55 | Farm |
| 7:28 | Mortar Team |
| 7:28 | Mortar Team |
| 7:30 | Priest Adept Training |
| 7:30 | Sorceress Adept Training |
| 7:35 | Farm |
| 7:44 | Scroll of Town Portal |
| 7:44 | Potion of Healing |
| 7:45 | Potion of Mana |
| 7:45 | Potion of Healing |
| 7:47 | Sorceress |
| 7:47 | Priest |
| 7:48 | Sorceress |
| 7:48 | Priest |
| 8:08 | Holy Light |
| 8:12 | Mortar Team |
| 8:19 | Farm |
| 8:33 | Scroll of Town Portal |
| 8:33 | Potion of Healing |
| 8:34 | Potion of Mana |
| 9:13 | Spell Breaker |
| 9:13 | Control Magic |
| 9:14 | Priest |
| 9:14 | Sorceress |
| 9:41 | Mortar Team |
| 9:47 | Farm |
| 9:52 | Studded Leather Armor |
| 9:55 | Sorceress |
| 10:13 | Castle |
| 10:22 | Mortar Team |
| 10:31 | Farm |
| 10:42 | Spell Breaker |
| 10:57 | Mortar Team |
| 11:00 | Lesser Clarity Potion |
| 11:46 | Mortar Team |
| 11:49 | Priest |
| 11:50 | Sorceress |
| 12:15 | Flare |
| 12:34 | Priest Master Training |
| 12:36 | Fragmentation Shards |
| 12:38 | Imbued Gunpowder |
| 13:13 | Divine Shield |
| 13:27 | Scroll of Town Portal |
| 13:33 | Potion of Mana |
| 13:33 | Scroll of Healing |
| 14:35 | Mortar Team |
| 14:36 | Reinforced Leather Armor |
| 14:37 | Priest |
| 14:37 | Sorceress Master Training |
| 14:38 | Sorceress |
| 15:19 | Mortar Team |
| 15:21 | Sorceress |
| 15:21 | Priest |
| 15:21 | Spell Breaker |
| 15:23 | Blizzard |
| 15:39 | Potion of Mana |
| 15:55 | Mortar Team |
| 16:29 | Mortar Team |
| 16:29 | Mortar Team |
| 17:00 | Mortar Team |
| 17:36 | Workshop |
| 17:42 | Devotion Aura |
| 18:12 | Barrage |
| 18:13 | Siege Engine |
| 18:15 | Iron Plating |
| 18:18 | Farm |
| 19:09 | Siege Engine |
| 19:18 | Siege Engine |
| 19:27 | Lesser Clarity Potion |
| 19:27 | Potion of Mana |
| 19:28 | Scroll of Regeneration |
| 19:51 | Scroll of Town Portal |
| 19:56 | Siege Engine |
| 19:59 | Steel Plating |
| 20:30 | Sorceress |
| 21:35 | Mithril Plating |
| 21:37 | Siege Engine |
| 25:09 | Siege Engine |
| 25:13 | Peasant |
| 25:13 | Peasant |
| 26:08 | Siege Engine |
| 26:37 | Siege Engine |
| 27:37 | Flak Cannons |
| 27:38 | Flying Machine |
| 27:38 | Flying Machine |
| 29:04 | Blizzard |
| 29:13 | Scout Tower |
| 29:17 | Scout Tower |
| 29:42 | Guard Tower |
| 30:06 | Flying Machine |
| 30:06 | Flying Machine |
| 30:09 | Devotion Aura |
| 32:02 | Flying Machine Bombs |
| 32:51 | Flying Machine |
| 32:51 | Flying Machine |
| 33:55 | Town Hall |
| 35:54 | Flying Machine |
| 35:54 | Flying Machine |
| 36:55 | Peasant |
| 36:56 | Peasant |
| 36:59 | Flying Machine |
| 37:02 | Scroll of Town Portal |
| 37:11 | Lesser Clarity Potion |
| 37:14 | Flying Machine |
| Right click | 2000 |
| Select group | 1518 |
| Select | 633 |
| Build/train/purchase | 175 |
| Assign group | 79 |
| Use ability | 79 |
| Chat | 60 |
| Minimap ping | 28 |
| Resource trade | 25 |
| Misc. action | 3 |
| Item give/drop | 2 |
236 units @ 29.2k
/ 4.6k
179 buildings @ 24.3k
/ 11.6k


| Healing Salve | 3 | 300 |
| Lesser Clarity Potion | 6 | 420 |
| Scroll of Speed | 1 | 50 |
| Scroll of Town Portal | 4 | 1400 |
| Potion of Lesser Invulnerability | 1 | 150 |
| Orb of Fire | 2 | 650 |
| total: | 17 | 2970g |
| Peon | 20 | 1500 | / | 0 |
| Troll Headhunter | 6 | 840 | / | 120 |
| Shaman | 5 | 650 | / | 100 |
| Troll Berserker | 18 | 2520 | / | 360 |
| Troll Batrider | 6 | 960 | / | 240 |
| total: | 55 | 6470g | / | 820w |
| Watch Tower | 10 | 1100 | / | 800 |
| Altar of Storms | 1 | 180 | / | 50 |
| Orc Burrow | 8 | 1280 | / | 320 |
| War Mill | 1 | 205 | / | 0 |
| Barracks | 2 | 360 | / | 100 |
| Voodoo Lounge | 5 | 650 | / | 150 |
| Great Hall | 3 | 1155 | / | 555 |
| Spirit Lodge | 3 | 450 | / | 450 |
| Beastiary | 2 | 290 | / | 280 |
| Stronghold | 1 | 315 | / | 190 |
| Fortress | 1 | 325 | / | 190 |
| total: | 35 | 5670g | / | 2705w |
| 0:02 | Peon |
| 0:02 | Peon |
| 0:21 | Altar of Storms |
| 0:24 | Peon |
| 0:34 | Orc Burrow |
| 0:36 | Peon |
| 0:50 | War Mill |
| 0:54 | Peon |
| 1:05 | Barracks |
| 1:13 | Peon |
| 1:33 | Peon |
| 1:47 | Orc Burrow |
| 2:08 | Troll Headhunter |
| 2:33 | War Stomp |
| 3:03 | Voodoo Lounge |
| 3:18 | Troll Headhunter |
| 3:20 | Stronghold |
| 3:23 | Troll Headhunter |
| 3:43 | Steel Ranged Weapons |
| 4:15 | Troll Headhunter |
| 4:25 | Orc Burrow |
| 4:42 | Endurance Aura |
| 4:47 | Troll Headhunter |
| 4:54 | Healing Salve |
| 5:01 | Healing Salve |
| 5:09 | Steel Armor |
| 5:45 | Spirit Lodge |
| 6:25 | Great Hall |
| 6:44 | Lesser Clarity Potion |
| 6:46 | Healing Salve |
| 6:48 | Fortress |
| 6:53 | Lesser Clarity Potion |
| 6:54 | Scroll of Speed |
| 6:57 | Hex |
| 7:06 | Shaman Adept Training |
| 7:53 | War Stomp |
| 8:19 | Shaman |
| 8:19 | Troll Headhunter |
| 8:21 | Orc Burrow |
| 9:29 | Peon |
| 9:29 | Peon |
| 9:29 | Peon |
| 9:29 | Peon |
| 9:33 | Shaman Master Training |
| 9:47 | Berserker Upgrade |
| 9:51 | Peon |
| 10:13 | Barracks |
| 10:16 | Healing Wave |
| 10:27 | Troll Regeneration |
| 10:55 | Shaman |
| 10:56 | Troll Berserker |
| 10:59 | Thorium Ranged Weapons |
| 11:00 | Troll Berserker |
| 11:31 | Troll Berserker |
| 11:32 | Troll Berserker |
| 12:22 | Peon |
| 12:22 | Peon |
| 12:26 | Witch Doctor Adept Training |
| 12:28 | Troll Berserker |
| 12:28 | Troll Berserker |
| 12:29 | Troll Berserker |
| 12:29 | Troll Berserker |
| 13:28 | Arcanite Ranged Weapons |
| 13:30 | Watch Tower |
| 14:03 | Peon |
| 14:04 | Peon |
| 14:04 | Peon |
| 14:04 | Peon |
| 14:05 | Peon |
| 14:27 | Voodoo Lounge |
| 14:42 | Reinforced Defenses |
| 15:12 | Endurance Aura |
| 16:31 | Shaman |
| 16:32 | Troll Berserker |
| 16:34 | Troll Berserker |
| 16:41 | Voodoo Lounge |
| 17:05 | Shaman |
| 17:06 | Troll Berserker |
| 17:53 | Scroll of Town Portal |
| 17:53 | Orb of Fire |
| 18:02 | Lesser Clarity Potion |
| 18:03 | Lesser Clarity Potion |
| 18:56 | Healing Wave |
| 19:34 | Shaman |
| 19:34 | Troll Berserker |
| 19:35 | Troll Berserker |
| 19:36 | Spirit Lodge |
| 19:38 | Thorium Armor |
| 19:39 | Spiked Barricades |
| 20:05 | Troll Berserker |
| 20:08 | Orc Burrow |
| 20:10 | Spirit Lodge |
| 20:14 | Scroll of Town Portal |
| 20:15 | Lesser Clarity Potion |
| 20:25 | Orb of Fire |
| 20:26 | Lesser Clarity Potion |
| 20:46 | Watch Tower |
| 20:49 | Peon |
| 20:53 | Witch Doctor Master Training |
| 20:57 | Orc Burrow |
| 21:02 | Orc Burrow |
| 21:23 | Beastiary |
| 21:24 | Troll Berserker |
| 21:24 | Troll Berserker |
| 21:31 | Voodoo Lounge |
| 21:54 | Watch Tower |
| 22:15 | Beastiary |
| 22:19 | Scroll of Town Portal |
| 22:40 | Troll Batrider |
| 22:43 | Troll Batrider |
| 23:07 | Watch Tower |
| 23:13 | Troll Batrider |
| 23:14 | Troll Berserker |
| 23:14 | Troll Berserker |
| 23:49 | Troll Batrider |
| 24:19 | Watch Tower |
| 24:22 | Watch Tower |
| 24:30 | Troll Batrider |
| 24:33 | Troll Batrider |
| 26:12 | Voodoo Lounge |
| 26:43 | Watch Tower |
| 26:45 | Watch Tower |
| 27:06 | War Stomp |
| 28:11 | Watch Tower |
| 28:13 | Watch Tower |
| 28:41 | Hex |
| 30:21 | Great Hall |
| 31:28 | Hex |
| 31:30 | Reincarnation |
| 32:12 | Potion of Lesser Invulnerability |
| 32:13 | Scroll of Town Portal |
| 32:18 | Great Hall |
| 35:44 | Orc Burrow |
| 38:15 | Big Bad Voodoo |
| Right click | 1043 |
| Select | 613 |
| Build/train/purchase | 163 |
| Assign group | 99 |
| Use ability | 56 |
| Select group | 53 |
| Resource trade | 39 |
| Chat | 36 |
| Misc. action | 21 |
| Item give/drop | 4 |
| Remove unit | 2 |


| Lesser Clarity Potion | 1 | 70 |
| Staff of Preservation | 1 | 150 |
| Scroll of Town Portal | 2 | 700 |
| Boots of Speed | 1 | 250 |
| Staff of Teleportation | 1 | 150 |
| Potion of Lesser Invulnerability | 1 | 150 |
| total: | 7 | 1470g |
| Wisp | 57 | 3420 | / | 0 |
| Archer | 7 | 910 | / | 70 |
| Dryad | 5 | 725 | / | 300 |
| Druid of the Claw | 4 | 1020 | / | 320 |
| total: | 73 | 6075g | / | 690w |
| Ancient Protector | 10 | 1350 | / | 800 |
| Altar of Elders | 2 | 360 | / | 100 |
| Moon Well | 11 | 1980 | / | 440 |
| Ancient of War | 4 | 600 | / | 240 |
| Hunter's Hall | 2 | 420 | / | 200 |
| Ancient of Wonders | 2 | 180 | / | 60 |
| Tree of Life | 13 | 4420 | / | 2405 |
| Ancient of Lore | 2 | 310 | / | 290 |
| Tree of Ages | 5 | 1600 | / | 900 |
| Tree of Eternity | 2 | 660 | / | 400 |
| total: | 46 | 9620g | / | 4535w |
| 0:04 | Wisp |
| 0:05 | Wisp |
| 0:15 | Altar of Elders |
| 0:23 | Moon Well |
| 0:29 | Wisp |
| 0:37 | Ancient of War |
| 0:45 | Wisp |
| 0:58 | Wisp |
| 1:12 | Wisp |
| 1:25 | Wisp |
| 1:28 | Moon Well |
| 1:34 | Wisp |
| 1:42 | Archer |
| 1:43 | Archer |
| 2:08 | Hunter's Hall |
| 2:30 | Archer |
| 2:33 | Force of Nature |
| 2:33 | Force of Nature |
| 2:51 | Archer |
| 3:11 | Ancient Protector |
| 3:15 | Ancient Protector |
| 3:19 | Archer |
| 3:22 | Wisp |
| 3:32 | Ancient of Wonders |
| 3:46 | Archer |
| 4:00 | Wisp |
| 4:01 | Wisp |
| 4:39 | Wisp |
| 4:39 | Wisp |
| 5:12 | Entangling Roots |
| 5:24 | Tree of Ages |
| 5:41 | Tree of Life |
| 5:44 | Tree of Life |
| 6:17 | Lesser Clarity Potion |
| 6:44 | Archer |
| 7:21 | Tree of Life |
| 7:53 | Force of Nature |
| 8:02 | Ancient of Lore |
| 8:03 | Ancient of Lore |
| 8:30 | Acid Bomb |
| 8:34 | Wisp |
| 8:34 | Wisp |
| 8:35 | Wisp |
| 9:34 | Tree of Eternity |
| 9:37 | Dryad |
| 9:51 | Moon Well |
| 10:06 | Staff of Preservation |
| 10:20 | Abolish Magic |
| 10:20 | Druid of the Claw Adept Training |
| 10:25 | Moon Well |
| 10:55 | Dryad |
| 11:15 | Wisp |
| 11:15 | Wisp |
| 11:15 | Wisp |
| 11:15 | Wisp |
| 11:15 | Wisp |
| 11:21 | Ancient Protector |
| 11:24 | Ancient Protector |
| 11:43 | Ancient Protector |
| 12:05 | Wisp |
| 12:06 | Wisp |
| 12:06 | Wisp |
| 12:06 | Wisp |
| 12:16 | Ancient Protector |
| 12:18 | Wisp |
| 12:18 | Wisp |
| 12:32 | Wisp |
| 12:36 | Druid of the Claw |
| 12:40 | Moon Well |
| 13:28 | Druid of the Claw Master Training |
| 13:33 | Wisp |
| 13:34 | Wisp |
| 13:34 | Wisp |
| 13:45 | Scroll of Town Portal |
| 13:52 | Healing Spray |
| 14:01 | Druid of the Claw |
| 14:30 | Boots of Speed |
| 14:31 | Staff of Teleportation |
| 14:44 | Potion of Lesser Invulnerability |
| 14:48 | Tree of Life |
| 14:49 | Ancient Protector |
| 14:51 | Ancient Protector |
| 15:07 | Dryad |
| 16:13 | Strength of the Wild |
| 16:21 | Nature's Blessing |
| 16:52 | Entangling Roots |
| 17:29 | Wisp |
| 17:30 | Wisp |
| 17:30 | Wisp |
| 17:30 | Wisp |
| 18:48 | Healing Spray |
| 18:48 | Healing Spray |
| 18:54 | Wisp |
| 18:54 | Wisp |
| 18:54 | Wisp |
| 18:54 | Wisp |
| 18:55 | Wisp |
| 19:20 | Moon Well |
| 19:28 | Tree of Life |
| 19:38 | Scroll of Town Portal |
| 19:51 | Dryad |
| 19:53 | Wisp |
| 19:56 | Ancient Protector |
| 20:10 | Ancient of Wonders |
| 20:11 | Wisp |
| 20:11 | Wisp |
| 20:12 | Wisp |
| 21:26 | Reinforced Hides |
| 21:26 | Improved Reinforced Hides |
| 21:53 | Dryad |
| 21:54 | Druid of the Claw |
| 22:30 | Druid of the Claw |
| 22:31 | Wisp |
| 22:31 | Wisp |
| 22:31 | Wisp |
| 22:31 | Wisp |
| 23:15 | Wisp |
| 24:24 | Moon Well |
| 24:26 | Moon Well |
| 25:05 | Tree of Life |
| 25:07 | Tree of Life |
| 25:10 | Moon Well |
| 25:12 | Tree of Life |
| 25:49 | Ancient of War |
| 28:13 | Force of Nature |
| 28:13 | Force of Nature |
| 28:25 | Acid Bomb |
| 28:25 | Acid Bomb |
| 28:42 | Tree of Life |
| 28:44 | Tree of Life |
| 28:49 | Tree of Life |
| 28:51 | Tree of Life |
| 29:06 | Ancient of War |
| 29:15 | Ancient of War |
| 30:02 | Altar of Elders |
| 30:03 | Moon Well |
| 32:22 | Wisp |
| 32:22 | Wisp |
| 33:01 | Wisp |
| 33:01 | Wisp |
| 33:01 | Wisp |
| 33:20 | Wisp |
| 33:22 | Moon Well |
| 33:34 | Tree of Life |
| 34:28 | Hunter's Hall |
| 34:35 | Wisp |
| 34:37 | Wisp |
| 35:51 | Ancient Protector |
| 37:27 | Tree of Ages |
| Right click | 2388 |
| Select group | 1463 |
| Select | 691 |
| Misc. action | 301 |
| Assign group | 236 |
| Build/train/purchase | 203 |
| Use ability | 201 |
| Minimap ping | 32 |
| Chat | 31 |
| Esc | 17 |
| Item give/drop | 8 |



| Scroll of Regeneration | 6 | 600 |
| Lesser Clarity Potion | 11 | 770 |
| Ivory Tower | 2 | 80 |
| Potion of Healing | 2 | 300 |
| Staff of Sanctuary | 3 | 750 |
| Scroll of Town Portal | 6 | 2100 |
| Scroll of Healing | 5 | 1250 |
| Boots of Speed | 3 | 750 |
| Potion of Lesser Invulnerability | 2 | 300 |
| Staff of Preservation | 1 | 150 |
| Moonstone | 1 | 50 |
| Legion Doom-Horn | 1 | 500 |
| Ancient Janggo of Endurance | 1 | 500 |
| Potion of Invulnerability | 1 | 400 |
| total: | 45 | 8500g |
| Peasant | 36 | 2700 | / | 0 |
| Footman | 5 | 675 | / | 0 |
| Gryphon Rider | 4 | 1120 | / | 280 |
| Priest | 4 | 540 | / | 40 |
| Knight | 1 | 245 | / | 60 |
| Flying Machine | 13 | 1300 | / | 390 |
| Dragonhawk Rider | 5 | 1000 | / | 150 |
| Siege Engine | 3 | 585 | / | 180 |
| Goblin Shredder | 4 | 1500 | / | 400 |
| total: | 75 | 9665g | / | 1500w |
| Scout Tower | 49 | 1470 | / | 980 |
| Arcane Tower | 9 | 630 | / | 450 |
| Guard Tower | 11 | 770 | / | 550 |
| Altar of Kings | 1 | 180 | / | 50 |
| Barracks | 1 | 160 | / | 60 |
| Farm | 11 | 880 | / | 220 |
| Arcane Vault | 5 | 650 | / | 150 |
| Town Hall | 4 | 1540 | / | 820 |
| Lumber Mill | 1 | 120 | / | 0 |
| Blacksmith | 1 | 140 | / | 60 |
| Cannon Tower | 6 | 720 | / | 600 |
| Arcane Sanctum | 1 | 150 | / | 140 |
| Gryphon Aviary | 3 | 420 | / | 450 |
| Workshop | 2 | 280 | / | 280 |
| Keep | 6 | 1920 | / | 1260 |
| Castle | 3 | 1080 | / | 630 |
| total: | 79 | 5990g | / | 3210w |
| 0:02 | Peasant |
| 0:02 | Peasant |
| 0:11 | Altar of Kings |
| 0:23 | Barracks |
| 0:26 | Farm |
| 0:31 | Peasant |
| 0:42 | Peasant |
| 0:51 | Peasant |
| 1:05 | Farm |
| 1:08 | Peasant |
| 1:21 | Peasant |
| 1:26 | Footman |
| 1:44 | Farm |
| 1:49 | Footman |
| 1:56 | Scout Tower |
| 2:09 | Peasant |
| 2:18 | Storm Bolt |
| 2:24 | Peasant |
| 2:37 | Peasant |
| 2:48 | Footman |
| 2:50 | Arcane Tower |
| 2:57 | Farm |
| 3:07 | Peasant |
| 3:07 | Footman |
| 3:20 | Peasant |
| 3:21 | Peasant |
| 3:32 | Thunder Clap |
| 3:34 | Peasant |
| 4:04 | Peasant |
| 4:06 | Footman |
| 4:24 | Arcane Vault |
| 4:37 | Keep |
| 4:41 | Farm |
| 4:49 | Scroll of Regeneration |
| 4:51 | Lesser Clarity Potion |
| 5:09 | Town Hall |
| 5:11 | Scout Tower |
| 5:57 | Goblin Shredder |
| 5:57 | Goblin Shredder |
| 6:04 | Arcane Tower |
| 6:15 | Scroll of Regeneration |
| 6:21 | Scroll of Regeneration |
| 6:23 | Lesser Clarity Potion |
| 6:23 | Lesser Clarity Potion |
| 6:23 | Lesser Clarity Potion |
| 6:24 | Lesser Clarity Potion |
| 7:08 | Thunder Clap |
| 7:32 | Scout Tower |
| 7:33 | Scout Tower |
| 7:40 | Arcane Sanctum |
| 7:42 | Castle |
| 7:45 | Scout Tower |
| 7:45 | Scout Tower |
| 7:46 | Scout Tower |
| 7:48 | Arcane Vault |
| 7:57 | Scout Tower |
| 8:04 | Lumber Mill |
| 8:33 | Scroll of Town Portal |
| 8:37 | Scroll of Healing |
| 8:38 | Boots of Speed |
| 8:42 | Guard Tower |
| 9:06 | Scroll of Regeneration |
| 9:06 | Lesser Clarity Potion |
| 9:07 | Ivory Tower |
| 9:07 | Ivory Tower |
| 9:08 | Potion of Healing |
| 9:22 | Gryphon Aviary |
| 9:25 | Gryphon Aviary |
| 9:30 | Blacksmith |
| 9:50 | Arcane Tower |
| 9:50 | Guard Tower |
| 9:54 | Improved Masonry |
| 10:00 | Siphon Mana |
| 10:12 | Storm Bolt |
| 10:27 | Scout Tower |
| 10:28 | Scout Tower |
| 10:29 | Scout Tower |
| 10:31 | Scout Tower |
| 10:37 | Scout Tower |
| 10:38 | Scout Tower |
| 10:40 | Arcane Vault |
| 11:06 | Storm Hammers |
| 11:08 | Farm |
| 11:09 | Farm |
| 11:09 | Farm |
| 11:11 | Gryphon Aviary |
| 11:14 | Arcane Tower |
| 11:15 | Guard Tower |
| 11:19 | Scout Tower |
| 11:21 | Scout Tower |
| 11:24 | Scout Tower |
| 11:25 | Scout Tower |
| 11:30 | Advanced Masonry |
| 11:33 | Studded Leather Armor |
| 11:38 | Animal War Training |
| 11:40 | Priest Adept Training |
| 11:50 | Staff of Sanctuary |
| 11:55 | Guard Tower |
| 11:55 | Arcane Tower |
| 12:08 | Staff of Sanctuary |
| 12:09 | Potion of Healing |
| 12:09 | Lesser Clarity Potion |
| 12:34 | Workshop |
| 12:39 | Farm |
| 12:48 | Gryphon Rider |
| 13:11 | Goblin Shredder |
| 13:11 | Goblin Shredder |
| 13:30 | Holy Light |
| 13:36 | Farm |
| 13:37 | Farm |
| 13:49 | Town Hall |
| 14:48 | Flame Strike |
| 15:13 | Gryphon Rider |
| 15:43 | Workshop |
| 15:50 | Legion Doom-Horn |
| 15:54 | Ancient Janggo of Endurance |
| 15:58 | Potion of Invulnerability |
| 16:23 | Lesser Clarity Potion |
| 16:27 | Staff of Sanctuary |
| 16:29 | Lesser Clarity Potion |
| 16:47 | Barrage |
| 16:56 | Town Hall |
| 17:40 | Priest Master Training |
| 17:41 | Priest |
| 18:11 | Staff of Preservation |
| 18:12 | Moonstone |
| 18:42 | Divine Shield |
| 19:05 | Thunder Clap |
| 19:39 | Gryphon Rider |
| 19:41 | Siege Engine |
| 19:50 | Flame Strike |
| 20:21 | Peasant |
| 20:21 | Peasant |
| 20:21 | Peasant |
| 20:21 | Peasant |
| 20:21 | Peasant |
| 20:24 | Priest |
| 20:24 | Priest |
| 20:28 | Knight |
| 20:32 | Siege Engine |
| 20:44 | Scroll of Town Portal |
| 20:47 | Scroll of Healing |
| 20:47 | Potion of Lesser Invulnerability |
| 20:48 | Boots of Speed |
| 20:52 | Scroll of Healing |
| 21:01 | Arcane Vault |
| 21:08 | Gryphon Rider |
| 21:10 | Peasant |
| 21:11 | Peasant |
| 21:31 | Scout Tower |
| 21:31 | Scout Tower |
| 21:33 | Imbued Masonry |
| 21:35 | Scout Tower |
| 21:36 | Scout Tower |
| 21:38 | Scout Tower |
| 22:07 | Priest |
| 22:09 | Flying Machine |
| 22:09 | Flying Machine |
| 22:12 | Dragonhawk Rider |
| 22:17 | Guard Tower |
| 22:18 | Scout Tower |
| 22:18 | Scout Tower |
| 23:08 | Guard Tower |
| 23:19 | Holy Light |
| 23:40 | Scout Tower |
| 23:41 | Scout Tower |
| 23:41 | Scout Tower |
| 23:43 | Scout Tower |
| 23:43 | Scout Tower |
| 24:46 | Dragonhawk Rider |
| 24:53 | Guard Tower |
| 24:56 | Scout Tower |
| 24:56 | Scout Tower |
| 24:57 | Scout Tower |
| 25:07 | Peasant |
| 25:11 | Town Hall |
| 25:13 | Peasant |
| 25:13 | Peasant |
| 25:42 | Dragonhawk Rider |
| 26:22 | Scroll of Town Portal |
| 26:30 | Scroll of Town Portal |
| 26:40 | Scroll of Healing |
| 26:48 | Potion of Lesser Invulnerability |
| 27:06 | Arcane Vault |
| 27:35 | Scroll of Regeneration |
| 27:46 | Dragonhawk Rider |
| 27:47 | Flying Machine |
| 27:47 | Flying Machine |
| 27:48 | Flying Machine |
| 27:49 | Flying Machine |
| 27:57 | Scroll of Town Portal |
| 28:14 | Dragonhawk Rider |
| 29:08 | Divine Shield |
| 29:45 | Peasant |
| 29:47 | Keep |
| 29:47 | Keep |
| 29:49 | Peasant |
| 29:53 | Cannon Tower |
| 29:55 | Cannon Tower |
| 29:56 | Scout Tower |
| 29:58 | Keep |
| 30:14 | Flying Machine |
| 30:14 | Flying Machine |
| 30:14 | Flying Machine |
| 30:23 | Peasant |
| 30:38 | Peasant |
| 30:43 | Scout Tower |
| 30:44 | Scout Tower |
| 30:44 | Scout Tower |
| 30:45 | Scout Tower |
| 30:46 | Scout Tower |
| 30:46 | Scout Tower |
| 30:47 | Scout Tower |
| 30:47 | Scout Tower |
| 30:48 | Scout Tower |
| 30:49 | Scout Tower |
| 31:47 | Lesser Clarity Potion |
| 31:52 | Storm Bolt |
| 32:16 | Scroll of Healing |
| 32:23 | Boots of Speed |
| 32:48 | Flying Machine |
| 32:48 | Flying Machine |
| 32:49 | Flak Cannons |
| 32:50 | Flying Machine |
| 32:50 | Flying Machine |
| 32:51 | Reinforced Leather Armor |
| 32:52 | Iron Forged Swords |
| 33:30 | Cannon Tower |
| 33:31 | Cannon Tower |
| 33:32 | Guard Tower |
| 33:33 | Scout Tower |
| 33:33 | Scout Tower |
| 33:38 | Cannon Tower |
| 33:40 | Arcane Tower |
| 33:45 | Castle |
| 35:29 | Scroll of Regeneration |
| 35:31 | Scroll of Town Portal |
| 35:57 | Lesser Clarity Potion |
| 36:01 | Siphon Mana |
| 36:09 | Peasant |
| 36:09 | Peasant |
| 36:30 | Scout Tower |
| 36:30 | Scout Tower |
| 36:30 | Scout Tower |
| 37:14 | Siege Engine |
| 37:15 | Peasant |
| 37:15 | Peasant |
| 37:15 | Peasant |
| 37:16 | Peasant |
| 37:16 | Peasant |
| Right click | 1854 |
| Select group | 1640 |
| Select | 556 |
| Chat | 528 |
| Build/train/purchase | 310 |
| Use ability | 121 |
| Assign group | 68 |
| Misc. action | 36 |
| Minimap ping | 24 |
| Resource trade | 21 |
| Item give/drop | 13 |
| Esc | 10 |


| Rod of Necromancy | 2 | 300 |
| Sacrificial Skull | 1 | 50 |
| Orb of Corruption | 1 | 375 |
| Lesser Clarity Potion | 1 | 70 |
| Dust of Appearance | 1 | 75 |
| Scroll of Town Portal | 13 | 4550 |
| Scroll of Healing | 3 | 750 |
| Ancient Janggo of Endurance | 1 | 500 |
| total: | 23 | 6670g |
| Acolyte | 11 | 825 | / | 0 |
| Ghoul | 5 | 600 | / | 0 |
| Crypt Fiend | 6 | 1290 | / | 240 |
| Frost Wyrm | 11 | 4235 | / | 1320 |
| total: | 33 | 6950g | / | 1560w |
| Nerubian Tower | 1 | 100 | / | 20 |
| Spirit Tower | 1 | 145 | / | 40 |
| Crypt | 1 | 200 | / | 50 |
| Graveyard | 1 | 215 | / | 0 |
| Altar of Darkness | 1 | 180 | / | 50 |
| Ziggurat | 8 | 1200 | / | 400 |
| Tomb of Relics | 3 | 390 | / | 90 |
| Necropolis | 2 | 450 | / | 0 |
| Sacrificial Pit | 1 | 75 | / | 150 |
| Boneyard | 2 | 350 | / | 400 |
| Halls of the Dead | 1 | 320 | / | 210 |
| Black Citadel | 1 | 325 | / | 230 |
| total: | 19 | 3060g | / | 1140w |
| 0:07 | Acolyte |
| 0:14 | Crypt |
| 0:20 | Graveyard |
| 0:22 | Acolyte |
| 0:48 | Altar of Darkness |
| 1:01 | Ziggurat |
| 1:19 | Ghoul |
| 1:33 | Tomb of Relics |
| 1:43 | Ziggurat |
| 1:54 | Ghoul |
| 2:17 | Ghoul |
| 2:34 | Ghoul |
| 2:54 | Death Coil |
| 2:56 | Ghoul |
| 3:05 | Acolyte |
| 3:13 | Rod of Necromancy |
| 3:13 | Dust of Appearance |
| 3:13 | Sacrificial Skull |
| 3:20 | Acolyte |
| 3:20 | Acolyte |
| 3:21 | Acolyte |
| 4:07 | Acolyte |
| 4:07 | Acolyte |
| 4:35 | Crypt Fiend |
| 4:38 | Unholy Aura |
| 4:43 | Halls of the Dead |
| 4:56 | Ziggurat |
| 5:21 | Rod of Necromancy |
| 5:30 | Ziggurat |
| 5:49 | Crypt Fiend |
| 5:59 | Crypt Fiend |
| 6:04 | Nerubian Tower |
| 6:06 | Creature Attack |
| 6:17 | Creature Carapace |
| 6:21 | Necropolis |
| 6:24 | Spirit Tower |
| 6:52 | Crypt Fiend |
| 6:56 | Death Coil |
| 7:02 | Crypt Fiend |
| 7:05 | Black Citadel |
| 7:09 | Improved Creature Attack |
| 7:33 | Crypt Fiend |
| 7:35 | Sacrificial Pit |
| 7:36 | Ziggurat |
| 7:38 | Ziggurat |
| 7:39 | Ziggurat |
| 8:51 | Web |
| 8:51 | Burrow |
| 8:52 | Improved Creature Carapace |
| 9:33 | Scroll of Town Portal |
| 9:33 | Orb of Corruption |
| 9:53 | Boneyard |
| 9:53 | Boneyard |
| 9:55 | Scroll of Town Portal |
| 9:56 | Lesser Clarity Potion |
| 10:02 | Ziggurat |
| 10:04 | Advanced Creature Attack |
| 10:09 | Frost Nova |
| 10:57 | Scroll of Town Portal |
| 11:22 | Frost Wyrm |
| 11:58 | Frost Wyrm |
| 11:59 | Advanced Creature Carapace |
| 12:06 | Frost Wyrm |
| 12:31 | Unholy Aura |
| 13:16 | Acolyte |
| 13:16 | Acolyte |
| 13:25 | Acolyte |
| 13:27 | Tomb of Relics |
| 13:55 | Dark Ritual |
| 14:05 | Scroll of Town Portal |
| 14:08 | Scroll of Town Portal |
| 14:18 | Tomb of Relics |
| 15:24 | Frost Wyrm |
| 15:29 | Scroll of Town Portal |
| 15:34 | Scroll of Town Portal |
| 16:41 | Frost Wyrm |
| 17:31 | Scroll of Town Portal |
| 17:43 | Frost Nova |
| 17:45 | Frost Wyrm |
| 17:59 | Frost Wyrm |
| 18:13 | Scroll of Healing |
| 19:00 | Death Coil |
| 19:41 | Dark Ritual |
| 19:50 | Frost Wyrm |
| 20:21 | Freezing Breath |
| 21:10 | Frost Wyrm |
| 21:18 | Scroll of Town Portal |
| 21:19 | Scroll of Healing |
| 22:08 | Scroll of Town Portal |
| 22:51 | Unholy Aura |
| 23:46 | Frost Nova |
| 26:27 | Scroll of Town Portal |
| 26:29 | Scroll of Town Portal |
| 26:35 | Scroll of Healing |
| 28:33 | Death Pact |
| 29:00 | Scroll of Town Portal |
| 30:08 | Frost Wyrm |
| 30:22 | Death and Decay |
| 31:46 | Frost Wyrm |
| 36:22 | Death Pact |
| 36:26 | Dark Ritual |
| 36:52 | Necropolis |
| 36:57 | Ancient Janggo of Endurance |
| Select group | 2843 |
| Right click | 1948 |
| Select | 708 |
| Chat | 142 |
| Assign group | 133 |
| Build/train/purchase | 125 |
| Misc. action | 100 |
| Use ability | 91 |
| Item give/drop | 16 |
| Resource trade | 13 |
| Minimap ping | 6 |
| Esc | 3 |
| Remove unit | 1 |